 Dungeon Sprint DCSS version 0.30-a0-219-gf2db51d15e (webtiles) character file.

Game seed: 9672341010996405008

62640 rocky1 the Shatterer (level 15, -29/178 HPs)
             Began as an Ogre Warper on Oct 8, 2022.
             Was a High Priest of Cheibriados.
             Killed from afar by a frost giant (42 damage)
             ... with a bolt of cold
             ... in the Dungeon (Sprint VII: "The Pits").
             The game lasted 00:36:37 (7305 turns).

rocky1 the Shatterer (Ogre Warper)                  Turns: 7305, Time: 00:36:38

Health: -29/178    AC: 15    Str: 33    XL:     15   Next: 7%
Magic:  0/39       EV: 20    Int: 30    God:    Cheibriados [*****.]
Gold:   54         SH:  0    Dex: 20    Spells: 30/45 levels left

rFire   . . .      SeeInvis .    x - +3 giant spiked club
rCold   . . .      Faith    .    (shield currently unavailable)
rNeg    . . .      Spirit   +    v - +4 moon troll leather armour {Spirit, Regen++ MP+5}
rPois   .          Reflect  .    (helmet restricted)
rElec   +          Harm     .    y - +0 cloak
rCorr   .          Rampage  .    (gloves unavailable)
Will    +....      NoTele   +    (boots unavailable)
Stlth   +++.......               (no amulet)
HPRegen 2.09/turn                a - +3 ring of protection
MPRegen 0.26/turn                g - +3 ring of evasion

@: lethally poisoned (-29 -> -29), untranslocatable, studying Staves, very slow
A: large, unfitting armour, tough skin 1, electricity resistance
a: Renounce Religion, Bend Time, Temporal Distortion, Slouch, Step From Time


You were in the Dungeon.
You worshipped Cheibriados.
Cheibriados was extremely pleased with you.
You visited 1 branch You collected 54 gold pieces.

Inventory:

Hand Weapons
 h - the +7 quarterstaff of the Other Side {venom, Str+4}
   (You found it in the Dungeon)

   It poisons the flesh of those it strikes.
   Str:       It affects your strength (+4).
 n - a +2 war axe of flaming
 p - a +2 vorpal dire flail
 x - a +3 giant spiked club (weapon)
 E - the +8 demon whip "Wohocvust" {flame, *Noise rPois rF- Int+9}
   (You took it off a spriggan berserker in the Dungeon)

   It burns those it strikes, dealing additional fire damage.
   Int:       It affects your intelligence (+9).
   rF:        It makes you vulnerable to fire.
   rPois:     It protects you from poison.
   *Noise:    It may make noises in combat.
Missiles
 b - 8 large rocks
 d - a boomerang (quivered)
Armour
 v - the +4 moon troll leather armour (worn) {Spirit, Regen++ MP+5}
   (You found it in the Dungeon)

   MP:        It affects your magic capacity (+5).
   Regen:     It increases your rate of health regeneration.
 y - a +0 cloak (worn)
 A - a +2 robe of willpower
 B - +3 shadow dragon scales
 C - +2 acid dragon scales
 D - +2 swamp dragon scales
Jewellery
 a - a +3 ring of protection (left hand)
 g - a +3 ring of evasion (right hand)
 u - a ring of fire
 w - a ring of protection from cold
Scrolls
 c - a scroll of blinking
 k - 5 scrolls of amnesia
 l - a scroll of summoning
 q - 3 scrolls of identify
 r - 4 scrolls of enchant armour
 s - 2 scrolls of fog
 t - 2 scrolls of enchant weapon
Potions
 e - 7 potions of curing
 f - 7 potions of heal wounds
 i - 4 potions of berserk rage
 j - 2 potions of invisibility
 m - 2 potions of brilliance
 o - 2 potions of might
 z - a potion of lignification


   Skills:
 - Level 18.6 Fighting
 * Level 23.1 Maces & Flails
 - Level 1.0 Throwing
 - Level 10.0 Armour
 - Level 11.2 Dodging
 + Level 4.8 Stealth
 - Level 15.8 Spellcasting
 - Level 13.5 Translocations
 - Level 12.2 Air Magic
 - Level 12.4 Invocations


You had 30 spell levels left.
You knew the following spells:

 Your Spells              Type           Power      Damage    Failure   Level
a - Blink                 Tloc           100%       N/A       0%          2
b - Lesser Beckoning      Tloc           100%       N/A       1%          3
c - Teleport Other        Tloc           81%        N/A       1%          3
d - Vhi's Electric Charg  Tloc/Air       100%       N/A       1%          3
e - Manifold Assault      Tloc           81%        N/A       1%          4

Your spell library contained the following spells:

 Spells                   Type           Power      Damage    Failure   Level
 Apportation              Tloc           100%       N/A       0%          1
 Freeze                   Ice            92%        1d10      1%          1
 Necrotise                Necr           92%        1d8       1%          1
 Slow                     Hex            92%        N/A       1%          1
 Sting                    Tmut/Pois      92%        1d7       1%          1
 Summon Small Mammal      Summ           92%        N/A       1%          1
 Momentum Strike          Conj/Tloc      100%       3d10      1%          2
 Poisonous Vapours        Pois/Air       100%       N/A       1%          2
 Kindle Blastsparks       Fire/Tloc/Air  100%       2d18      1%          3
 Portal Projectile        Hex/Tloc       100%       N/A       1%          3
 Iskenderun's Mystic Bla  Conj/Tloc      59%        2d12      1%          4
 Dispersal                Tloc           40%        N/A       1%          6
 Sublimation of Blood     Necr           23%        N/A       3%          2
 Wereblood                Tmut           23%        N/A       3%          2
 Call Canine Familiar     Summ           23%        N/A       6%          3
 Confusing Touch          Hex            23%        N/A       6%          3
 Frozen Ramparts          Ice            46%        1d7       6%          3
 Hailstorm                Conj/Ice       23%        3d7       6%          3
 Ignite Poison            Fire/Tmut/Pois 23%        N/A       6%          3
 Ozocubu's Armour         Ice            23%        N/A       6%          3
 Summon Guardian Golem    Hex/Summ       23%        N/A       6%          3
 Vampiric Draining        Necr           23%        2d7       6%          3
 Freezing Cloud           Conj/Ice/Air   24%        6-21      11%         5
 Fulminant Prism          Conj/Hex       11%        3d9       21%         4
 Leda's Liquefaction      Hex/Erth       11%        N/A       21%         4
 Olgreb's Toxic Radiance  Pois           23%        N/A       21%         4
 Conjure Ball Lightning   Conj/Air       28%        3x3d8     26%         6
 Disjunction              Tloc           40%        N/A       45%         8
 Alistair's Intoxication  Tmut/Pois      15%        N/A       50%         5
 Lee's Rapid Deconstruct  Erth           11%        3d9*      50%         5
 Orb of Destruction       Conj           11%        9d6       100%        7
 Spellforged Servitor     Conj/Summ      11%        N/A       100%        7
 Summon Hydra             Summ           11%        N/A       100%        7
 Chain Lightning          Conj/Air       28%        3d38      100%        9


Dungeon Overview and Level Annotations

Branches:
Dungeon (1/1)

Altars:
Ashenzari
Cheibriados
Dithmenos
Elyvilon
Fedhas
Gozag
Hepliaklqana
Kikubaaqudgha
Makhleb
Nemelex Xobeh
Okawaru
Qazlal
Ru
Sif Muna
Trog
Uskayaw
Vehumet
Wu Jian
Xom
Yredelemnul
Zin
The Shining One
Jiyva
Lugonu


Innate Abilities, Weirdness & Mutations

You are too large for most types of armour.
You have tough skin. (AC +1)
You are resistant to electric shocks. (rElec)


Message History

You hit the frost giant.
The frost giant is moderately wounded.
You feel sick.
You barely miss the frost giant.
The frost giant is moderately wounded.
You feel sick.
The frost giant gestures at you while chanting.
The bolt of cold misses you. The bolt of cold hits you!!
The bolt of cold hits the frost giant.
The frost giant resists.
You hit the frost giant but do no damage.
The frost giant is moderately wounded.
You feel sick.
The frost giant hits you with a +1 battleaxe of freezing!
The frost giant freezes you.
You puncture the frost giant!
The frost giant is moderately wounded.
You feel sick.
You impale the frost giant!!
The frost giant is heavily wounded.
The frost giant hits you with a +1 battleaxe of freezing!!
* * * LOW HITPOINT WARNING * * *
The frost giant freezes you.
* * * LOW HITPOINT WARNING * * *
Unknown command.
You feel much better.
You feel sick.
The frost giant hits you with a +1 battleaxe of freezing!
The frost giant freezes you.
Unknown command.
You perforate the frost giant like a sieve!!!
The frost giant is almost dead.
You feel sick.
The frost giant hits you with a +1 battleaxe of freezing!!!
* * * LOW HITPOINT WARNING * * *
The frost giant freezes you!!
* * * LOW HITPOINT WARNING * * *
You cannot blink because you are locked down by a dimension anchor.
You feel sick. The frost giant barely misses you.
The frost giant gestures at you while chanting.
The bolt of cold hits you!!!
You die...

....)..............'..#).#
..).............####..#).#
.)####....####..#.....#..#
..#..#....#..#..#.[#[[#).#
..'..##..##..'.)#[.#[[#..#
#######################)'#
#####******############''#
....#*,,,,*#.).#.#.#...).#
....#*,,,,#..#..@....#..##
#...#*,,,+#.###C....###..#
##.!#*,,*#eG,#.......#..##
.#..#****#..###..#..###..#
.##'#*,,,#...#..###..#..)#
....#*,,,+,,.....#...)...#
.##'#*,,,*,..#..###..#...#
.#..#****#..###..#..###..#
##.?#*,,*#C.,#.......#..##


You could see a frost giant.

Vanquished Creatures
  2 liches (D)
  A deep elf blademaster (D)
  Frances (D)
  Agnes (D)
  2 nagarajas (D)
  A draconian knight (D)
  A daeva (D)
  A draconian scorcher (D)
  A deep elf sorcerer (D)
  2 orc warlords (D)
  An emperor scorpion (D)
  A stone giant (D)
  A draconian annihilator (D)
  A draconian stormcaller (D)
  A deep elf demonologist (D)
  A black draconian (D)
  A purple draconian (D)
  2 yellow draconians (D)
  2 deep elf annihilators (D)
  A merfolk javelineer (D)
  A deep elf high priest (D)
  2 yaktaur captains (D)
  A great orb of eyes (D)
  Erolcha (D)
  4 vault guards (D)
  A hell beast (D)
  2 ogre magi (D)
  A hydra (D)
  An anaconda (D)
  A boulder beetle (D)
  A death yak (D)
  2 vampire magi (D)
  An alligator (D)
  A naga warrior (D)
  5 two-headed ogres (D)
  An orc high priest (D)
  A spriggan berserker (D)
  A deep elf knight (D)
  A sixfirhy (D)
  A large abomination (D)
  2 sea snakes (D)
  9 orc knights (D)
  A phantasmal warrior (D)
  A deep elf zephyrmancer (D)
  A manticore (D)
  A cyclops (D)
  6 elephants (D)
  3 rust devils (D)
  An eye of devastation (D)
  2 guardian serpents (D)
  2 orange demons (D)
  A demonic crawler (D)
  A hellwing (D)
  A kobold demonologist (D)
  An unseen horror (D)
  A freezing wraith (D)
  An efreet (D)
  A komodo dragon (D)
  4 yaktaurs (D)
  A guardian mummy (D)
  An ice devil (D)
  A tyrant leech (D)
  A merfolk (D)
  7 slime creatures (D)
  3 hornets (D)
  2 flying skulls (D)
  6 dream sheep (D)
  A vampire (D)
  Grum (D)
  2 fire bats (D)
  2 neqoxecs (D)
  6 redbacks (D)
  A warg (D)
  3 floating eyes (D)
  5 orc warriors (D)
  A sky beast (D)
  An ice beast (D)
  A black bear (D)
  3 ogres (D)
  10 wolves (D)
  A phantom (D)
  Blork the orc (D)
  A necrophage (D)
  A scorpion (D)
  5 killer bees (D)
  3 small abominations (D)
  5 orc priests (D)
  A gnoll bouda (D)
  Terence (D)
  3 orc wizards (D)
  2 hell rats (D)
  A mummy (D)
  3 gnolls (D)
  A river rat (D)
  3 adders (D)
  9 orcs (D)
  2 endoplasms (D)
  A hobgoblin (D)
  A kobold (D)
  A ball python (D)
  A ball python skeleton (D)
  A ball python zombie (D)
  A frilled lizard (D)
  A jackal skeleton (D)
  2 rats (D)
206 creatures vanquished.

Vanquished Creatures (others)
  A wizard (D)
1 creature vanquished.

Grand Total: 207 creatures vanquished

Notes
Turn   | Place    | Note
-------+----------+-------------------------------------------
     0 | D        | rocky1 the Ogre Warper began the quest for the Orb.
     0 | D        | Reached XP level 1. HP: 22/22 MP: 3/3
    11 | D        | Noticed a floating eye
    13 | D        | Paralysed by a floating eye for 4 turns
    20 | D        | Killed a floating eye
    21 | D        | Reached skill level 4 in Maces & Flails
    21 | D        | Reached skill level 5 in Spellcasting
    21 | D        | Reached XP level 2. HP: 36/36 MP: 4/8
    21 | D        | Reached XP level 3. HP: 44/44 MP: 4/9
    21 | D        | Reached XP level 4. HP: 52/52 MP: 4/11
    25 | D        | Found a bloodstained altar of Trog.
    25 | D        | Found a shimmering blue altar of Sif Muna.
    25 | D        | Found a viscous altar of Jiyva.
    25 | D        | Found a hazy altar of Hepliaklqana.
    25 | D        | Found an opulent altar of Gozag.
    26 | D        | Found a glowing golden altar of the Shining One.
    26 | D        | Found a glowing silver altar of Zin.
    26 | D        | Found a basalt altar of Yredelemnul.
    26 | D        | Found a shimmering altar of Xom.
    26 | D        | Found an ornate altar of the Wu Jian Council.
    26 | D        | Found a sacrificial altar of Ru.
    26 | D        | Found a stormy altar of Qazlal.
    26 | D        | Found an iron altar of Okawaru.
    26 | D        | Found a sparkling altar of Nemelex Xobeh.
    26 | D        | Found a burning altar of Makhleb.
    26 | D        | Found a blossoming altar of Fedhas.
    26 | D        | Found a white marble altar of Elyvilon.
    26 | D        | Found a shadowy altar of Dithmenos.
    26 | D        | Found a snail-covered altar of Cheibriados.
    29 | D        | Found a corrupted altar of Lugonu.
    29 | D        | Found a radiant altar of Vehumet.
    30 | D        | Found an ancient bone altar of Kikubaaqudgha.
    30 | D        | Found a hide-covered altar of Uskayaw.
    30 | D        | Found a broken altar of Ashenzari.
    37 | D        | Became a worshipper of Cheibriados the Contemplative
    77 | D        | Learned a level 2 spell: Blink
    81 | D        | Learned a level 3 spell: Lesser Beckoning
    85 | D        | Learned a level 3 spell: Teleport Other
    89 | D        | Learned a level 3 spell: Vhi's Electric Charge
   116 | D        | Reached * piety under Cheibriados
   137 | D        | Reached skill level 5 in Translocations
   137 | D        | Reached skill level 1 in Air Magic
   137 | D        | Reached skill level 1 in Invocations
   137 | D        | Reached XP level 5. HP: 60/61 MP: 13/13
   141 | D        | Reached ** piety under Cheibriados
   142 | D        | Reached skill level 5 in Maces & Flails
   156 | D        | Reached *** piety under Cheibriados
   533 | D        | Noticed a fire bat
   539 | D        | Reached **** piety under Cheibriados
   542 | D        | Noticed Blork the orc
   543 | D        | Killed a fire bat
   543 | D        | Reached ***** piety under Cheibriados
   544 | D        | Reached skill level 6 in Maces & Flails
   544 | D        | Reached XP level 6. HP: 44/72 MP: 9/16
   548 | D        | Killed Blork the orc
   549 | D        | Reached skill level 7 in Maces & Flails
   549 | D        | Reached XP level 7. HP: 44/81 MP: 5/17
   554 | D        | Reached skill level 5 in Invocations
   723 | D        | Learned a level 4 spell: Manifold Assault
   848 | D        | Killed an unseen horror
   849 | D        | Reached skill level 8 in Maces & Flails
   849 | D        | Reached XP level 8. HP: 90/93 MP: 14/20
   885 | D        | Noticed a flying skull
   888 | D        | Killed a flying skull
   888 | D        | Reached ****** piety under Cheibriados
   889 | D        | Reached skill level 5 in Air Magic
  1019 | D        | Noticed a hornet
  1021 | D        | Killed a hornet
  1022 | D        | Reached skill level 10 in Fighting
  1022 | D        | Reached skill level 9 in Maces & Flails
  1122 | D        | Noticed a flying skull
  1122 | D        | Noticed a hornet
  1124 | D        | Killed a hornet
  1124 | D        | Killed a flying skull
  1125 | D        | Reached XP level 9. HP: 102/102 MP: 15/22
  1272 | D        | Noticed a freezing wraith
  1280 | D        | Killed a freezing wraith
  1281 | D        | Reached skill level 10 in Maces & Flails
  1435 | D        | Noticed a rust devil
  1444 | D        | Killed a rust devil
  1478 | D        | Noticed a boulder beetle
  1486 | D        | Killed a boulder beetle
  1487 | D        | Reached skill level 11 in Maces & Flails
  1487 | D        | Reached skill level 10 in Spellcasting
  1638 | D        | Noticed a sea snake
  1642 | D        | Killed a sea snake
  1643 | D        | Reached XP level 10. HP: 82/115 MP: 15/24
  2072 | D        | Noticed a kobold demonologist
  2075 | D        | Killed a kobold demonologist
  2077 | D        | Noticed an alligator
  2082 | D        | HP: 3/118 [alligator (5)]
  2085 | D        | Killed an alligator
  2086 | D        | Reached skill level 12 in Maces & Flails
  2325 | D        | Gained mutation: You are resistant to electric shocks.
                  | (rElec) [a neqoxec]
  2351 | D        | Noticed a two-headed ogre
  2354 | D        | Killed a two-headed ogre
  2400 | D        | Noticed an orange demon
  2400 | D        | Noticed a manticore
  2402 | D        | Killed an orange demon
  2403 | D        | Reached skill level 10 in Invocations
  2406 | D        | Killed a manticore
  2541 | D        | Noticed Terence
  2543 | D        | Noticed a death yak
  2544 | D        | Noticed a rust devil
  2545 | D        | Reached skill level 10 in Translocations
  2545 | D        | Reached XP level 11. HP: 74/127 MP: 16/26
  2545 | D        | Killed Terence
  2546 | D        | Reached skill level 13 in Maces & Flails
  2744 | D        | Noticed a vampire mage
  2747 | D        | Killed a death yak
  2751 | D        | Killed a vampire mage
  2919 | D        | Paralysed by a floating eye for 4 turns
  3165 | D        | Noticed a deep elf zephyrmancer
  3166 | D        | Noticed Erolcha
  3170 | D        | Killed a deep elf zephyrmancer
  3171 | D        | Reached skill level 14 in Maces & Flails
  3174 | D        | Killed Erolcha
  3175 | D        | Noticed a two-headed ogre
  3175 | D        | Noticed a two-headed ogre
  3179 | D        | Killed a two-headed ogre
  3179 | D        | Killed a two-headed ogre
  3180 | D        | Reached skill level 15 in Fighting
  3233 | D        | Reached skill level 10 in Air Magic
  3372 | D        | Noticed an ogre mage
  3374 | D        | Noticed a two-headed ogre
  3374 | D        | Noticed a two-headed ogre
  3376 | D        | Killed a two-headed ogre
  3377 | D        | Reached XP level 12. HP: 143/143 MP: 19/29
  3378 | D        | Killed a two-headed ogre
  3390 | D        | Killed an ogre mage
  3391 | D        | Reached skill level 15 in Maces & Flails
  3455 | D        | Noticed an orc high priest
  3468 | D        | Killed an orc high priest
  3805 | D        | Noticed a vampire mage
  3810 | D        | Killed a vampire mage
  3814 | D        | Reached skill level 1 in Armour
  4037 | D        | Found the +4 moon troll leather armour {Spirit, Regen++
                  | MP+5}
  4037 | D        | Noticed a purple draconian
  4037 | D        | Noticed a deep elf high priest
  4040 | D        | Killed a deep elf high priest
  4043 | D        | Killed a purple draconian
  4216 | D        | Got the Directory of the Glacier and Battling
  4367 | D        | Reached skill level 16 in Maces & Flails
  4501 | D        | Noticed Grum
  4511 | D        | Killed Grum
  4724 | D        | Reached skill level 5 in Dodging
  4750 | D        | Noticed an orc warlord
  4750 | D        | Noticed an orc warlord
  4763 | D        | Reached XP level 13. HP: 126/156 MP: 10/31
  4766 | D        | Killed an orc warlord
  4991 | D        | Noticed a deep elf blademaster
  4992 | D        | Reached skill level 17 in Maces & Flails
  4995 | D        | Killed a deep elf blademaster
  4996 | D        | Reached skill level 5 in Armour
  4996 | D        | Reached skill level 15 in Spellcasting
  4998 | D        | Killed an orc warlord
  5120 | D        | Noticed a vault guard
  5126 | D        | Killed a vault guard
  5144 | D        | Noticed Agnes
  5146 | D        | Killed Agnes
  5313 | D        | Noticed a vault guard
  5313 | D        | Noticed a vault guard
  5314 | D        | Noticed a yaktaur captain
  5316 | D        | Killed a vault guard
  5316 | D        | Noticed a nagaraja
  5316 | D        | Noticed a vault guard
  5317 | D        | Killed a yaktaur captain
  5324 | D        | Killed a vault guard
  5333 | D        | Reached skill level 18 in Maces & Flails
  5339 | D        | Killed a vault guard
  5341 | D        | Killed a nagaraja
  5500 | D        | Got the +7 quarterstaff of the Other Side {venom, Str+4}
  5577 | D        | Noticed a stone giant
  5578 | D        | Noticed a yaktaur captain
  5580 | D        | Killed a yaktaur captain
  5586 | D        | Killed a stone giant
  5867 | D        | Reached XP level 14. HP: 170/170 MP: 21/33
  5926 | D        | Reached skill level 19 in Maces & Flails
  5951 | D        | Identified the +8 demon whip "Wohocvust" {flame, *Noise
                  | rPois rF- Int+9}
  5985 | D        | Noticed a daeva
  6028 | D        | Killed a daeva
  6220 | D        | Reached skill level 10 in Dodging
  6228 | D        | Reached skill level 20 in Maces & Flails
  6343 | D        | Noticed a deep elf annihilator
  6350 | D        | Killed a deep elf annihilator
  6353 | D        | Noticed a red draconian scorcher
  6353 | D        | Noticed a deep elf sorcerer
  6358 | D        | Killed a deep elf sorcerer
  6501 | D        | Noticed a white draconian stormcaller
  6509 | D        | Noticed a yellow draconian
  6510 | D        | Killed a white draconian stormcaller
  6519 | D        | Killed a yellow draconian
  6598 | D        | Killed a red draconian scorcher
  6599 | D        | Reached skill level 10 in Armour
  6760 | D        | Noticed a yellow draconian
  6771 | D        | Killed a yellow draconian
  6772 | D        | Reached skill level 21 in Maces & Flails
  6890 | D        | Noticed a black draconian knight
  6890 | D        | Noticed a deep elf demonologist
  6890 | D        | Noticed a deep elf annihilator
  6898 | D        | Killed a deep elf demonologist
  6903 | D        | Noticed a lich
  6905 | D        | Killed a black draconian knight
  6906 | D        | Killed a lich
  6910 | D        | Killed a deep elf annihilator
  6911 | D        | Reached skill level 22 in Maces & Flails
  6911 | D        | Noticed a yellow draconian annihilator
  7063 | D        | Noticed Frances
  7063 | D        | Noticed a lich
  7063 | D        | Noticed a black draconian
  7066 | D        | Killed a lich
  7067 | D        | Reached skill level 1 in Stealth
  7067 | D        | Killed a yellow draconian annihilator
  7070 | D        | Killed Frances
  7076 | D        | Killed a black draconian
  7245 | D        | Noticed a frost giant
  7245 | D        | Noticed a bone dragon
  7264 | D        | Noticed an emperor scorpion
  7264 | D        | Noticed a deep elf master archer
  7276 | D        | Killed an emperor scorpion
  7277 | D        | Reached XP level 15. HP: 115/178 MP: 29/34
  7281 | D        | Noticed a nagaraja
  7284 | D        | Reached skill level 23 in Maces & Flails
  7294 | D        | Killed a nagaraja
  7305 | D        | Killed from afar by a frost giant

Illustrated notes

Levels and vault maps discovered:
D:        pitsprint [storerooms_1, entrance_room_1, metal_vault_6, armoury_1,
          mini_pit_1, grid_room_1, main_hall_1, silver_pit, the_coven_3,
          the_vestibule_1, steel_vault_4, golden_pit, hallway_of_sentries,
          crystal_vault_3, iron_vault_4, final_vault]

Skill      XL: |  1  2  3  4  5  6  7  8  9 10 11 12 13 14 15 |
---------------+----------------------------------------------+-----
Fighting       | 6 8 9 10 12 13 15 17 18 | 18.6
Maces & Flails | 4 6 7 8 9 11 12 14 16 18 22 23 | 23.1
Spellcasting   | 5 7 8 9 10 11 13 14 15 | 15.8
Translocations | 4 5 6 7 9 10 11 12 13 | 13.5
Air Magic      | 1 3 4 6 7 8 10 11 12 | 12.2
Invocations    | 1 4 5 7 8 10 12 | 12.4
Armour         | 4 7 10 | 10.0
Dodging        | 5 8 11 | 11.2
Stealth        | 4 |  4.8
Throwing       | |  1.0

Action                   |  1- 3 |  4- 6 |  7- 9 | 10-12 | 13-15 || total
-------------------------+-------+-------+-------+-------+-------++-------
Melee: Mace              |     5 |    41 |       |       |       ||    46
       Flail             |       |     2 |    18 |       |       ||    20
       Dire flail        |       |       |    34 |   199 |   262 ||   495
       Giant spiked club |       |       |       |       |     7 ||     7
 Cast: Vhi's Electric Ch |       |       |     3 |     9 |    14 ||    26
       Manifold Assault  |       |       |     2 |    49 |    23 ||    74
       Blink             |       |       |     2 |       |       ||     2
       Teleport Other    |       |       |       |     1 |       ||     1
Invok: Slouch            |       |     2 |     7 |    26 |    35 ||    70
  Use: Potion            |       |       |     3 |     6 |     7 ||    16
       Scroll            |       |       |       |     1 |     2 ||     3
 Stab: Distracted        |       |     1 |       |       |       ||     1
Armor: Robe              |       |    14 |     7 |     9 |       ||    30
       Troll leather arm |       |       |       |    19 |    37 ||    56
Dodge: Dodged            |       |    23 |    25 |    65 |   127 ||   240

Table legend: (Time is in decaauts)
 A = Elapsed time spent in this place.
 B = Non-inter-level travel time spent in this place.
 C = Inter-level travel time spent in this place.
 D = Time resting spent in this place.
 E = Time spent auto-exploring this place.
 F = Levels seen in this place.
 G = Mean time per level.
                   A        B        C        D        E       F      G
               +--------+--------+--------+--------+--------+-----+--------+
         Total |   8599 |   8422 |    177 |   5017 |      0 |   1 | 8599.0 |
       Dungeon |   8599 |   8422 |    177 |   5017 |      0 |   1 | 8599.0 |
               +--------+--------+--------+--------+--------+-----+--------+

Top non-repeatable levels by time:
       D: 8599 daAuts
